Unix NetHack Version 5.0.0-0 post-release - last build Jul 19 2026 19:10:59 (3aa4ab31751d3886436d94b585a96704892fd477,branch:main).

Game began 2026-07-20 19:00:53, ended 2026-07-20 19:05:48.

CheBegorr4h, neutral male human Tourist

                                   ---
                                 .--)--
                                ..G@G..
                                ...<)..
                                ..0....
                                 ....%

CheBegorr4h the Sightseer   St:13 Dx:14 Co:15 In:12 Wi:8 Ch:13  Neutral
Dlvl:3  $:288 HP:0(27) Pw:8(8) AC:10 Xp:3 T:455 

Latest messages:
 You are hit by a dagger.
 The gnome thrusts his runed dagger.
 The gnome hits!
 In what direction? l
 You kill the gnome!
 The dagger hits the gnome.
 a - a +2 dart (at the ready) (34 in total).
 The gnome hits!
 In what direction? b
 You kill the gnome!
 A - a runed dagger.
 B - a fortune cookie.
 You are hit by a thonged club.
 The thonged club returns to its hand!
 The gnome picks up a +2 dart.
 Your little dog eats a gnome corpse.
 The thonged club hits the little dog!
 The little dog is killed!
 The gnome picks up a dagger.
 What do you want to write with? [- amsu-yA or ?*] -
 You write in the dust with your fingertip.
 What do you want to write in the dust here? Elbereth
 The gnome lord picks up a thonged club.
 The gnome lord turns to flee.
 What do you want to wield? [- amuA or ?*] A
 A - a runed dagger (weapon in right hand).
 You hear rumbling in the distance.
 The gnome turns to flee.
 The gnome wields a dagger!
 The gnome turns to flee.
 The gnome wields a dagger!
 The gnome lord wields a thonged club!
 The gnome lord secures the tether on the thonged club.
 You are hit by a dagger.
 What do you want to use or apply? [eknqsz or ?*] k
 In what direction? n
 The gnome lord is blinded by the flash!
 You feel like a hypocrite.
 The engraving beneath you fades.
 The gnome lord swings his thonged club.
 The gnome lord hits!
 The gnome hits!
 The gnome picks up a dagger.
 What do you want to write with? [- amsu-yA or ?*] -
 You write in the dust with your fingertip.
 What do you want to write in the dust here? Elbereth
 The gnome turns to flee.
 You are hit by a dagger.
 You die...
 Do you want your possessions identified? [ynq] (y) q

Inventory:
 Coins    ('$')
  $ - 288 gold pieces
 Amulets  ('"')
  o - an uncursed amulet of magical breathing (being worn)
 Weapons  (')')
  u - 10 blessed +0 orcish arrows
  a - 33 +2 darts (at the ready)
  m - 11 +0 darts
  A - a +0 elven dagger (weapon in right hand)
 Armor    ('[')
  j - an uncursed +0 Hawaiian shirt with a hibiscus flower motif (being worn)
 Comestibles  ('%')
  l - an uncursed slime mold
  d - 4 uncursed food rations
  b - 3 uncursed fortune cookies
  B - a cursed fortune cookie
  t - an uncursed lembas wafer
  f - an uncursed tripe ration
  c - an uncursed tin of pureed newt meat
  g - an uncursed egg
  r - 2 uncursed lichen corpses
 Scrolls  ('?')
  i - 4 uncursed scrolls of magic mapping
  p - a cursed scroll of scare monster
 Spellbooks  ('+')
  q - a blessed spellbook of healing
 Wands    ('/')
  s - a wand of nothing (0:11)
 Tools    ('(')
  n - a cursed magic harp (0:6)
  e - an uncursed credit card
  k - an expensive camera (0:38)
  z - an uncursed lock pick
 Gems/Stones  ('*')
  w - an uncursed jade stone
  v - 2 uncursed worthless pieces of blue glass
  x - an uncursed worthless piece of red glass
  y - an uncursed worthless piece of yellow glass

CheBegorr4h the Tourist's attributes:

Background:
 You were a Sightseer, a level 3 male human Tourist.
 You were neutral, on a mission for The Lady
 who was opposed by Blind Io (lawful) and Offler (chaotic).
 You were right-handed.
 You were in the Gnomish Mines, on level 3.
 You entered the dungeon 455 turns ago.
 You had 73 experience points, 7 more were needed to attain level 4.

Basics:
 You had 0 out of 27 hit points.
 You had all 8 energy points (spell power).
 Your armor class was 10.
 Your wallet contained 288 zorkmids.
 Autopickup was on for '$!/(' plus thrown, with exceptions.

Final Characteristics:
 Your strength was 13 (limit:18/100).
 Your dexterity was 14 (limit:18).
 Your constitution was 15 (limit:18).
 Your intelligence was 12 (limit:18).
 Your wisdom was 8 (limit:18).
 Your charisma was 13 (limit:18).

Final Status:
 You weren't hungry.
 You were unencumbered.
 You were wielding a dagger.
 You were unskilled in dagger.

Final Attributes:
 You were stridently aligned.
 You could survive without air.
 You are dead.

Miscellaneous:
 You didn't encounter any bones levels.
 Total elapsed playing time was 4 minutes and 55 seconds.

Major events:
 Turn
    1: CheBegorr4h the neutral male human Tourist entered the dungeon
  421: entered the Gnomish Mines
  443: attained the rank of Sightseer (level 3)
  455: killed by a dagger

You didn't know any spells.

Skills:
 Fighting Skills
   bare handed combat [Unskilled]
   two weapon combat  [Unskilled]
   riding             [Unskilled]
 Weapon Skills
   dagger             [Unskilled]
   knife              [Unskilled]
   axe                [Unskilled]
   pick-axe           [Unskilled]
   short sword        [Unskilled]
   broadsword         [Unskilled]
   long sword         [Unskilled]
   two-handed sword   [Unskilled]
   saber              [Unskilled]
   mace               [Unskilled]
   morning star       [Unskilled]
   flail              [Unskilled]
   hammer             [Unskilled]
   quarterstaff       [Unskilled]
   polearms           [Unskilled]
   spear              [Unskilled]
   trident            [Unskilled]
   lance              [Unskilled]
   bow                [Unskilled]
   sling              [Unskilled]
   crossbow           [Unskilled]
   dart               [Basic]
   shuriken           [Unskilled]
   boomerang          [Unskilled]
   whip               [Unskilled]
   unicorn horn       [Unskilled]
 Spellcasting Skills
   divination spells  [Unskilled]
   enchantment spells [Unskilled]
   escape spells      [Unskilled]

Voluntary challenges:
 Character rerolling was not enabled.
 You went without food.
 You were an atheist.
 You never hit with a wielded weapon.
 You never genocided any monsters.
 You never polymorphed an object.
 You never changed form.
 You used no wishes.
Achievements:
 You entered the Gnomish Mines.
 You attained the rank of Sightseer.

 The Dungeons of Doom: levels 1 to 3
    Level 1:
    Level 2:
       Some fountains.
       Stairs down to The Gnomish Mines.
    Level 3:
 The Gnomish Mines:
    Level 3: <- You were here.
       Final resting place for
          you, killed by a dagger.


Vanquished creatures:
  a little dog
  a dwarf
  a hobbit
  5 gnomes
  a jackal
  a fox
  a kobold
  a sewer rat
  a grid bug
  2 lichens
  a kobold zombie
  a newt
17 creatures vanquished.

No species were genocided or became extinct.

Game over:
                       ----------
                      /          \
                     /    REST    \
                    /      IN      \
                   /     PEACE      \
                  /                  \
                  |   CheBegorr4h    |
                  |      288 Au      |
                  |   killed by a    |
                  |      dagger      |
                  |                  |
                  |                  |
                  |       2026       |
                 *|     *  *  *      | *
        _________)/\\_//(\/(/\)/\//\/|_)_______

Aloha CheBegorr4h the Tourist...

You died in The Gnomish Mines on dungeon level 3 with 584 points,
and 288 pieces of gold, after 455 moves.
You were level 3 with a maximum of 27 hit points when you died.

